 Dungeon Crawl Stone Soup version 0.31-a0-1074-g0b22e4e0f1 (webtiles) character file.

Game seed: 4394751629889485420

85 RepHenryClay the Changeling (level 4, -9/36 HPs)
             Began as a Draconian Shapeshifter on Dec 6, 2023.
             Killed from afar by Jessica (13 damage)
             ... with a puff of flame
             ... on level 3 of the Dungeon.
             The game lasted 00:04:00 (1675 turns).

RepHenryClay the Changeling (DrSh)                  Turns: 1675, Time: 00:04:01

Health: -9/36      AC:  5    Str: 15 (16) XL:     4   Next: 25%
Magic:  4/4        EV: 12    Int:  8 (11) God:
Gold:   86         SH:  0    Dex:  9 (12) Spells: 1/3 levels left

rFire   . .          .
                       - Unarmed
rCold   . . .        (no shield)
rNeg    . . .        (body armour unavailable)
rPois   .            (helmet currently unavailable)
rElec   .            (cloak currently unavailable)
rCorr   .            (gloves currently unavailable)
SInv    .            (boots currently unavailable)
Will    .....        (no amulet)
Stlth   +            (no ring)
HPRegen 0.26/turn    (no ring)
MPRegen 0.09/turn

%: no passive effects
@: beast-form
A: beast (slay +2), AC +5, unfitting armour, cold-blooded
a: Begin Untransformation


You were on level 3 of the Dungeon.
You were a hulking beast.
You visited 1 branch of the dungeon, and saw 3 of its levels.

You collected 86 gold pieces.

Inventory:

Missiles
 n - 6 poisoned darts
Armour
 m - a +1 hat
Jewellery
 h - a ring of wizardry
 j - a ring of wizardry
Talismans
 b - a beast talisman
 c - a flux talisman
 d - a talisman of death
Wands
 t - a wand of paralysis (3)
Scrolls
 e - 3 scrolls of fear {unknown}
 g - a scroll of brand weapon {unknown}
 i - 2 scrolls of identify {unknown}
 k - a scroll of blinking {unknown}
 l - 2 scrolls of noise {unknown}
 q - a scroll of teleportation {unknown}
Potions
 a - 2 potions of lignification
 f - a potion of curing
 s - a potion of mutation {unknown}


   Skills:
 - Level 2.1 Fighting
 - Level 2.3 Dodging
 - Level 3.4 Unarmed Combat
 + Level 3.9 Shapeshifting


You had one spell level left.
You knew the following spells:

 Your Spells              Type           Power      Damage    Failure   Level
Q - Blink                 Tloc           0%         N/A       54%         2

Your spell library contained the following spells:

 Spells                   Type           Power      Damage    Failure   Level
 Lesser Beckoning         Tloc           0%         N/A       54%         2
 Momentum Strike          Conj/Tloc      0%         3d8       54%         2
 Frozen Ramparts          Ice            0%         1d1       78%         3
 Petrify                  Tmut/Erth      0%         N/A       99%         4
 Metabolic Englaciation   Hex/Ice        0%         N/A       100%        5


Dungeon Overview and Level Annotations

Branches:
Dungeon (3/15)

Altars:
Trog

Portals:
Sewer: D:3

Annotations:
D:3 1 exclusion, Jessica


Innate Abilities, Weirdness & Mutations

You are a hulking beast.
Your limbs bulge with bestial killing power. (Slay +2)
Your plain brown scales are hard. (AC +5)
You cannot fit into any form of body armour.
You are cold-blooded and may be slowed by cold attacks.


Message History

Damage: -3%(-1hp) hp: 53%(19hp)
You hit the river rat but do no damage.
The river rat is moderately wounded.
The river rat barely misses you.
You hit the river rat.
The river rat is almost dead.
Jessica zaps a wand.
The puff of flame hits you.
* * * LOW HITPOINT WARNING * * *
The river rat bites you.
* * * LOW HITPOINT WARNING * * *
Huge Dmg: -22%(-8hp) hp: 31%(11hp)
You hear the sound of rushing water.
There is an entrance to a sewer on this level.
Hurry and find it before the portal rusts away!
Level annotation: 1 exclusion, Jessica Welcome back, RepHenryClay the Draconian Shapeshifter.
Press ? for a list of commands and other information.
Okay, then.
Okay, then.
Jessica attacks as she pursues you! Jessica hits you with a +0 club.
* * * LOW HITPOINT WARNING * * *
Jessica barely misses you.
Damage: -3%(-1hp) hp: 28%(10hp)
You hear the sound of rushing water.
There is an entrance to a sewer on this level.
Hurry and find it before the portal rusts away!
Level annotation: 1 exclusion, Jessica Welcome back, RepHenryClay the Draconian Shapeshifter.
Press ? for a list of commands and other information.
It was a potion of degeneration.
There was something very wrong with that liquid.
You feel weakened.
You feel dopey.
You feel clumsy.
Jessica zaps a wand.
The puff of flame misses you.
It was a potion of cancellation.
Your magical effects are unravelling.
You feel magically purged.
You feel a little less clever now. Jessica hits you with a +0 club!
* * * LOW HITPOINT WARNING * * *
The river rat closely misses you.
Jessica zaps a wand.
The puff of flame hits you!
You die...

.. ..####............# .
#.#..###........8.#
#.#.#..# #..........#
~~~##~#...####.......####
...~~....##..........#
..~~.#.###.8........###
∩.........#............#
...~~.##..####...###|>.#
...≈~.##..@h.#.⌠.# #...#
.~~##.....r..#...# #####
.~ #.##.....#...# . ..
#.........# .#..
#........## ..
...##........#
...###..##........#
#..#....##........#
.......##........#


You could see a river rat and Jessica (fast).

Vanquished Creatures
  2 adders (D:2)
  2 worms
  3 dart slugs
  2 ball pythons
  4 endoplasms
  4 giant cockroaches
  7 goblins
  4 hobgoblins
  2 jackals (D:2)
  2 quokkas (D:1)
  2 bats (D:1)
  3 frilled lizards
  9 kobolds
  8 rats
54 creatures vanquished.

Notes
Turn   | Place    | Note
-------+----------+-------------------------------------------
     0 | D:1      | RepHenryClay the Draconian Shapeshifter began the quest for
                  | the Orb.
     0 | D:1      | Reached XP level 1. HP: 16/16 MP: 1/1
   258 | D:1      | Reached XP level 2. HP: 19/23 MP: 2/2
   566 | D:1      | Reached XP level 3. HP: 29/29 MP: 3/3
  1071 | D:2      | Learned a level 2 spell: Blink
  1280 | D:2      | Reached XP level 4. HP: 32/36 MP: 4/4
  1583 | D:3      | Found a bloodstained altar of Trog.
  1658 | D:3      | Noticed Jessica
  1659 | D:3      | Found a glowing drain.
  1675 | D:3      | Killed from afar by Jessica

Illustrated notes

Levels and vault maps discovered:
D:1:      dpeg_arrival_round_b, layout_loops_cross
D:2:      layout_loops_ring, serial_forest, infiniplex_forest_clump_small,
          infiniplex_forest_straight_2, infiniplex_forest_clump_large,
          infiniplex_forest_lined_ring, infiniplex_forest_lined_3,
          minmay_tree_intersection, minmay_domino_2
D:3:      layout_basic, trog_hazing_becter, cheibrodos_sewer_entry_sluice,
          chequers_ecumenical_altar_lobes, grunt_ministairs_14,
          serial_park_tiny_2, nicolae_elevator_lobby_asterisk, uniq_robin,
          uniq_jessica

Skill      XL: |  1  2  3 |
---------------+----------+-----
Dodging        | 2 |  2.3
Fighting       | 2 |  2.1
Unarmed Combat | |  3.4
Shapeshifting  | |  3.9

Action                     |  1- 3 |  4- 6 || total
---------------------------+-------+-------++-------
  Melee: Unarmed           |   110 |    31 ||   141
         Tailslap          |    11 |     6 ||    17
         Punch             |     1 |     2 ||     3
    Use: Potion            |       |     4 ||     4
   Stab: Sleeping          |     1 |       ||     1
 Armour: Skin              |    61 |    30 ||    91
  Dodge: Dodged            |    50 |    24 ||    74

Table legend: (Time is in decaauts)
 A = Elapsed time spent in this place.
 B = Non-inter-level travel time spent in this place.
 C = Inter-level travel time spent in this place.
 D = Time resting spent in this place.
 E = Time spent auto-exploring this place.
 F = Levels seen in this place.
 G = Mean time per level.
                   A        B        C        D        E       F      G
               +--------+--------+--------+--------+--------+-----+--------+
         Total |   1665 |   1635 |     30 |      0 |   1236 |   3 |  555.0 |
       Dungeon |   1665 |   1635 |     30 |      0 |   1236 |   3 |  555.0 |
               +--------+--------+--------+--------+--------+-----+--------+

Top non-repeatable levels by time:
     D:2: 826 daAuts
     D:1: 722 daAuts
     D:3: 117 daAuts
